AoeStats
← KartaL-tr77

Arena

510610710Analyzed
1v1 RM · 10h ago on Oct 1, 2026· 36m 54s· 2 players
Game mode
Random Map
Map size
Tiny (2 player)
Population
200
Speed
Normal
Resources
Standard
Victory
Conquest
Starting age
Dark Age
Ending age
Imperial Age
RankedLock teamsTeams togetherTeam positionsShared explorationLock speedFull tech treeHidden civsTurbo modeCheats
Victory
Defeat
🇫🇷 Hindustanis · France
967
+17
🇹🇷 Turks · Türkiye
983
-17
Maxpid
9:42 Feudal Age
10:11 Double-Bit Axe
15:13 Castle Age
13:18 Horse Collar
17:16 Loom
20:50 Wheelbarrow
24:55 Crossbowman
31:30 Heavy Plow
37:15 Imperial Age
35:03 Hand Cart
34:33 Town Watch
37:04 Town Patrol
KartaL-tr77
10:55 Feudal Age
15:30 Castle Age
14:18 Horse Collar
14:52 Double-Bit Axe
16:46 Gold Mining
20:39 Fletching
27:51 Imperial Age
30:59 Imperial Age
30:55 Squires
Connection lost

Rejoining the realm…

Still unreachable

The connection could not be restored.

Session expired

The server has moved on; the page needs a fresh start.